 Dungeon Crawl Stone Soup version 0.29.1-2-gbd0b4ee654 (webtiles) character file.

Game seed: 7698546435833796246

98 zeram the Covered (level 4, -4/29 HPs)
             Began as a Gargoyle Fighter on Nov 30, 2022.
             Killed by divine providence
             ... invoked by an orc priest
              (13 damage)
             ... on level 3 of the Dungeon.
             The game lasted 00:03:32 (2422 turns).

zeram the Covered (Gargoyle Fighter)                Turns: 2422, Time: 00:03:32

Health: -4/29      AC: 17    Str: 22    XL:     4   Next: 71%
Magic:  4/4        EV:  6    Int:  8    God:
Gold:   122        SH:  4    Dex:  9    Spells: 3/3 levels left

rFire   . . .      SeeInvis .   e - +0 whip
rCold   . . .      Faith    .   c - +0 buckler
rNeg    + . .      Spirit   .   i - +0 plate armour
rPois   ∞          Reflect  .   (no helmet)
rElec   +          Harm     .   g - +1 cloak
rCorr   .          Rampage  .   (no gloves)
Will    .....                   (no boots)
Stlth   ..........              (no amulet)
HPRegen 0.09/turn               (no ring)
MPRegen 0.09/turn               (no ring)

@: no status effects
A: sickness immunity, AC +3, negative energy resistance 1, electricity
resistance, torment resistance 1, petrification resistance
a: no special abilities


You were on level 3 of the Dungeon.
You visited 1 branch of the dungeon, and saw 3 of its levels.

You collected 122 gold pieces.

Inventory:

Hand Weapons
 a - a +0 flail
 e - a +0 whip (weapon)
Missiles
 j - a throwing net (quivered)
Armour
 b - a +0 scale mail
 c - a +0 buckler (worn)
 g - a +1 cloak (worn)
 i - a +0 plate armour (worn)
Wands
 o - a wand of roots (9)
Scrolls
 q - a scroll of teleportation
Potions
 d - a potion of might
 f - 2 potions of flight {unknown}
 h - a potion of resistance {unknown}
 k - a potion of invisibility {unknown}
 l - 3 potions of heal wounds
 m - a potion of mutation {unknown}
 n - a potion of haste {unknown}
 p - a potion of curing {unknown}


   Skills:
 + Level 3.9 Fighting
 + Level 3.1 Maces & Flails
 + Level 4.0 Armour
 + Level 0.2 Dodging
 + Level 3.8 Shields


You had 3 spell levels left.
You didn't know any spells.
Your spell library was empty.

Dungeon Overview and Level Annotations

Branches:
Dungeon (3/15)

Altars:
The Shining One


Innate Abilities, Weirdness & Mutations

You are immune to sickness and miasma.
Your stone body is resilient. (AC +3)
You are immune to poison.
You resist negative energy. (rN+)
You are resistant to electric shocks. (rElec)
You are resistant to unholy torment.
You are immune to petrification.


Message History

You kill the orc!
You barely miss the goblin. The goblin barely misses you.
You barely miss the goblin. The goblin completely misses you.
The orc priest looks satisfied for a moment.
You miss the goblin. The goblin hits you but does no damage.
The orc priest mumbles some strange prayers to Beogh against you.
Beogh smites you!
Ouch! That really hurt!
You are too injured to fight recklessly!
You are too injured to fight recklessly!
You are too injured to fight recklessly!
You are too injured to fight recklessly!
You are too injured to fight recklessly!
You are too injured to fight recklessly!
You are too injured to fight recklessly!
You are too injured to fight recklessly!
You are too injured to fight recklessly!
You are too injured to fight recklessly!
You are too injured to fight recklessly!
You are too injured to fight recklessly!
You are too injured to fight recklessly!
You are too injured to fight recklessly!
You are too injured to fight recklessly!
You are too injured to fight recklessly!
Unknown command.
You are too injured to fight recklessly!
You completely miss the goblin. The goblin hits you but does no damage.
You hit the goblin.
The goblin is moderately wounded.
You whack the goblin!
You kill the goblin!
You closely miss the orc. You hit the orc but do no damage.
You block the orc's attack.
The orc hits you with a +2 mace of holy wrath.
You whack the orc!
You kill the orc!
You block the orc priest's attack. You block the orc's attack.
The orc priest calls down the wrath of Beogh upon you.
Beogh smites you!
You die...

#................####...# #......
#................#......# ......
#................#......# ##.....
#................#......###......
##..............##.............##
##.....##.....###......##.....#
############..##......####...#.
##.o######## ##†.#. ##@# ##.^.
#o# #.#. ... ###.#. .....
#####...# #.<.... ........##
#....... #######... #########
####


You could see an orc priest and an orc.

Vanquished Creatures
  Jessica (D:3)
  2 adders
  2 dart slugs
  2 orcs (D:3)
  7 endoplasms
  3 giant cockroaches
  4 goblins
  A hobgoblin (D:3)
  2 kobolds
  2 quokkas (D:2)
  4 ball pythons
  8 bats
  4 frilled lizards
  8 rats
50 creatures vanquished.

Vanquished Creatures (collateral kills)
  A goblin (D:2)
1 creature vanquished.

Grand Total: 51 creatures vanquished

Notes
Turn   | Place    | Note
-------+----------+-------------------------------------------
     0 | D:1      | zeram the Gargoyle Fighter began the quest for the Orb.
     0 | D:1      | Reached XP level 1. HP: 14/14 MP: 1/1
    66 | D:1      | Reached XP level 2. HP: 9/19 MP: 2/2
   934 | D:2      | Reached XP level 3. HP: 19/24 MP: 3/3
  1917 | D:3      | Noticed Jessica
  1935 | D:3      | Reached XP level 4. HP: 29/29 MP: 4/4
  1942 | D:3      | Killed Jessica
  1943 | D:3      | Reached skill level 4 in Armour
  2205 | D:3      | Found a glowing golden altar of the Shining One.
  2422 | D:3      | Killed from afar by an orc priest

Illustrated notes

Levels and vault maps discovered:
D:1:      minmay_arrival_cross, layout_rooms, dreamdust_princess_bridge
D:2:      layout_basic
D:3:      layout_rooms, mainiacjoe_overflow_catwalk, lemuel_tele_altar,
          uniq_jessica

Skill      XL: |  1  2  3  4 |
---------------+-------------+-----
Maces & Flails | 3 |  3.1
Armour         | 4 |  4.0
Fighting       | |  3.9
Dodging        | |  0.2
Shields        | |  3.8

Action                   |  1- 3 |  4- 6 || total
-------------------------+-------+-------++-------
Melee: Flail             |    36 |       ||    36
       Whip              |   143 |    41 ||   184
  Use: Scroll            |     8 |     2 ||    10
Armor: Scale mail        |   143 |       ||   143
       Plate armour      |    28 |    80 ||   108
Dodge: Dodged            |   121 |    27 ||   148
Block: Buckler           |    60 |    22 ||    82
